Map: Port Aleksander LE

Players

Ryosis

  • Race: Zerg Zerg
  • Spawn Location: 5:00

Marinelord - Winner!

  • Race: Terran Terran
  • Spawn Location: 11:00

Event: 2019 WCS Spring

VOD

Have the link to the VOD?

Description

Time

  • Played on: May 17, 2019, 8:10 a.m.
  • Length: 3:04

All games in this series

Show
View Real Time Build Order
Export as new Build Order

Ryosis Zerg 

Build Orders: Hatch First 

Get SALT Encoding   

  12  0:00  Drone  
  13  0:12  Overlord  
  13  0:17  Drone  
  14  0:30  Drone x2  
  16  0:48  Hatchery  
  15  0:52  Drone  
  15  0:55  Drone  
  17  0:59  Drone  
  18  1:09  Extractor  
  17  1:15  Spawning Pool  
  17  1:18  Drone  
  17  1:21  Drone  
  18  1:28  Drone  
  19  1:38  Drone  
  20  1:49  Drone  
  21  2:03  Spine Crawler  
  21  2:04  Zergling x2  
  21  2:05  Queen, Zergling x2  
  21  2:08  Spine Crawler  
  23  2:15  Zergling x4  
  25  2:24  Zergling x4  
  25  2:35  Zergling x4  
  24  2:45  Zergling x4  
Show
View Real Time Build Order
Export as new Build Order

Marinelord Terran - Winner!

Build Orders:  

Get SALT Encoding   

  12  0:00  SCV  
  13  0:12  SCV  
  14  0:18  Supply Depot  
  14  0:24  SCV  
  15  0:40  Barracks  
  15  0:51  Barracks  
  15  0:54  SCV  
  16  1:01  Refinery  
  16  1:06  SCV  
  17  1:18  SCV  
  18  1:26  Marine  
  18  1:31  Orbital Command  
  19  1:38  Supply Depot  
  19  1:39  Marine  
  20  1:44  Marine  
  21  1:57  Marine  
  22  2:02  Marine  
  22  2:03  Bunker  
  23  2:14  SCV, Marine  
  25  2:20  Bunker  
  25  2:29  Factory  
  25  2:32  Marine  
  25  2:35  SCV  
  27  2:37  Marine  
  28  2:49  Refinery  
  28  2:50  Supply Depot  
Tags
 
Add a new tag
Caveats
  • Supply blocks, unpowered buildings, or Contaminate may cause inaccurate times.
  • Supply counts are checked every 10 seconds.